PAAA
CALGARY LYNX @ SCRANTON SUPERNOVAS
09/02/2037
 
TOP OF THE 1ST
Calgary Lynx batting - Pitching for Scranton Supernovas : RHP Felipe Arreola
Pitching: RHP Felipe Arreola
Batting: LHB José Valéncia 0-0: Ball
1-0: Ball
2-0: Ground out 6-3 (Groundball, 6MD, EV 110.0 MPH)
Batting: LHB Derek Corbin 0-0: Ball
1-0: Ball
2-0: Called Strike
2-1: Ball
3-1: SINGLE (Groundball, 34D, EV 98.8 MPH)
Batting: RHB Hani Azwan 0-0: Ball
1-0: Called Strike
1-1: Ball
2-1: Foul Ball, location: 2F
2-2: Ball
3-2: SINGLE (Line Drive, 7S, EV 91.9 MPH)
Derek Corbin to second
Batting: LHB Sergio Cruz 0-0: Ball
1-0: Ball
2-0: Called Strike
2-1: Ball
3-1: Foul Ball, location: 2F
3-2: Foul Ball, location: 2F
3-2: Strikes out swinging
Derek Corbin is caught stealing 3rd base 2-5
Batter strikes out.
Top of the 1st over - 0 runs, 2 hits, 0 errors, 1 left on base; Calgary 0 - Scranton 0
BOTTOM OF THE 1ST
Scranton Supernovas batting - Pitching for Calgary Lynx : LHP Ángel Flores
Pitching: LHP Ángel Flores
Batting: RHB Mike Pate 0-0: Ball
1-0: Ball
2-0: Called Strike
2-1: Fly out, F8 (Flyball, 8LD, EV 93.8 MPH)
Batting: RHB Juan Tellado 0-0: Ground out 6-3 (Groundball, 6, EV 88.8 MPH)
Batting: RHB John Willoughby 0-0: Called Strike
0-1: Ball
1-1: Called Strike
1-2: Ball
2-2: Fly out, F8 (Flyball, 8LS, EV 91.2 MPH)
Bottom of the 1st over - 0 runs, 0 hits, 0 errors, 0 left on base; Calgary 0 - Scranton 0
TOP OF THE 2ND
Calgary Lynx batting - Pitching for Scranton Supernovas : RHP Felipe Arreola
Batting: LHB Andrés Rodríguez 0-0: Foul Ball, location: 2F
0-1: Ball
1-1: Swinging Strike
1-2: Strikes out swinging
Batting: SHB Luis Luquín 0-0: Ground out U3 (Groundball, 3, EV 92.5 MPH)
Batting: LHB Gustavo Cortéz 0-0: Ball
1-0: Ball
2-0: Called Strike
2-1: Ball
3-1: Base on Balls
Batting: RHB Raúl Maradona 0-0: Called Strike
0-1: Ball
1-1: Ball
2-1: Ball
3-1: Base on Balls
Gustavo Cortéz to second
Batting: RHB Isagani Gorre 0-0: Ball
1-0: Swinging Strike
1-1: Ball
2-1: SINGLE (Line Drive, 7S, EV 110.0 MPH)
Gustavo Cortéz to third
Raúl Maradona to second
Batting: LHB José Valéncia 0-0: Foul Ball, location: 2F
0-1: Ground out 4-3 (Groundball, 34, EV 99.4 MPH)
Top of the 2nd over - 0 runs, 1 hit, 0 errors, 3 left on base; Calgary 0 - Scranton 0
BOTTOM OF THE 2ND
Scranton Supernovas batting - Pitching for Calgary Lynx : LHP Ángel Flores
Batting: LHB Toyokazu Oshima 0-0: Swinging Strike
0-1: Ball
1-1: Swinging Strike
1-2: Ball
2-2: Ball
3-2: Foul Ball, location: 2F
3-2: Ground out 4-3 (Groundball, 34D, EV 105.6 MPH)
Batting: LHB Chase Popoff 0-0: Foul Ball, location: 2F
0-1: Called Strike
0-2: Strikes out swinging
Batting: LHB Scotty Mitchell 0-0: Called Strike
0-1: Foul Ball, location: 2F
0-2: Foul Ball, location: 2F
0-2: Ball
1-2: Foul Ball, location: 2F
1-2: Foul Ball, location: 2F
1-2: Ball
2-2: Foul Ball, location: 2F
2-2: SINGLE (Line Drive, 6D, EV 96.2 MPH)
Batting: RHB Dam Son 0-0: Fly out, F3 (Popup, 3SF, EV 73.8 MPH)
Bottom of the 2nd over - 0 runs, 1 hit, 0 errors, 1 left on base; Calgary 0 - Scranton 0
TOP OF THE 3RD
Calgary Lynx batting - Pitching for Scranton Supernovas : RHP Felipe Arreola
Batting: LHB Derek Corbin 0-0: Called Strike
0-1: Ball
1-1: SINGLE (Line Drive, 89M, EV 90.0 MPH)
Batting: RHB Hani Azwan 0-0: Foul Ball, location: 2F
0-1: Ball
1-1: Ball
2-1: 2-RUN HOME RUN (Flyball, 7D, EV 96.9 MPH), Distance : 384 ft
Batting: LHB Sergio Cruz 0-0: Swinging Strike
0-1: Ball
1-1: Swinging Strike
1-2: Ground out U3 (Groundball, 3, EV 90.6 MPH)
Batting: LHB Andrés Rodríguez 0-0: Ball
1-0: Foul Ball, location: 2F
1-1: Foul Ball, location: 2F
1-2: Ball
2-2: Fly out, F7 (Flyball, 7, EV 77.5 MPH)
Batting: SHB Luis Luquín 0-0: SINGLE (Flyball, 7S, EV 81.9 MPH)
Batting: LHB Gustavo Cortéz 0-0: Fly out, F9 (Flyball, 8RS, EV 79.4 MPH)
Top of the 3rd over - 2 runs, 3 hits, 0 errors, 1 left on base; Calgary 2 - Scranton 0
BOTTOM OF THE 3RD
Scranton Supernovas batting - Pitching for Calgary Lynx : LHP Ángel Flores
Batting: RHB Jeff Quesenberry 0-0: Foul Ball, location: 2F
0-1: Called Strike
0-2: Ground out 6-3 (Groundball, 6, EV 75.6 MPH)
Batting: LHB Xuan-ling Liao 0-0: Foul Ball, location: 2F
0-1: Ball
1-1: SINGLE (Line Drive, 34, EV 103.8 MPH)
Batting: RHB Mike Pate 0-0: Called Strike
0-1: Ball
1-1: Foul Ball, location: 2F
1-2: Strikes out looking
Batting: RHB Juan Tellado 0-0: Ball
1-0: Ball
2-0: Fielders Choice at 2nd, 5-4 (Groundball, 56, EV 84.4 MPH)
Bottom of the 3rd over - 0 runs, 1 hit, 0 errors, 1 left on base; Calgary 2 - Scranton 0
TOP OF THE 4TH
Calgary Lynx batting - Pitching for Scranton Supernovas : RHP Felipe Arreola
Batting: RHB Raúl Maradona 0-0: Called Strike
0-1: Ball
1-1: Fly out, F9 (Flyball, 9LSF, EV 76.2 MPH)
Batting: RHB Isagani Gorre 0-0: Called Strike
0-1: Foul Ball, location: 2F
0-2: Ball
1-2: Ground out 1-3 (Groundball, 15, EV 94.4 MPH)
Batting: LHB José Valéncia 0-0: Ball
1-0: Ball
2-0: Fly out, F7 (Flyball, 7LS, EV 80.6 MPH)
Top of the 4th over - 0 runs, 0 hits, 0 errors, 0 left on base; Calgary 2 - Scranton 0
BOTTOM OF THE 4TH
Scranton Supernovas batting - Pitching for Calgary Lynx : LHP Ángel Flores
Batting: RHB John Willoughby 0-0: Foul Ball, location: 2F
0-1: Ball
1-1: SINGLE (Line Drive, 78S, EV 100.6 MPH)
Batting: LHB Toyokazu Oshima 0-0: Swinging Strike
0-1: Ball
1-1: DOUBLE (Line Drive, 3D, EV 97.5 MPH)
John Willoughby to third
Batting: LHB Chase Popoff 0-0: Ball
1-0: Ball
2-0: Ball
3-0: Called Strike
3-1: Reached on error, E6 (Groundball, 6M, EV 90.6 MPH)
John Willoughby scores
Toyokazu Oshima scores
Batting: LHB Scotty Mitchell 0-0: Foul Ball, location: 2F
0-1: Fly out, F5 (Line Drive, 5, EV 66.9 MPH)
Batting: RHB Dam Son 0-0: Fly out, F4 (Popup, 23, EV 84.4 MPH)
Batting: RHB Jeff Quesenberry 0-0: Ball
1-0: Foul Ball, location: 2F
1-1: Ball
2-1: Foul Ball, location: 2F
2-2: Ground out 5-3 (Groundball, 5D, EV 104.4 MPH)
Bottom of the 4th over - 2 runs, 2 hits, 1 error, 1 left on base; Calgary 2 - Scranton 2
TOP OF THE 5TH
Calgary Lynx batting - Pitching for Scranton Supernovas : RHP Felipe Arreola
Batting: LHB Derek Corbin 0-0: Ball
1-0: Foul Ball, location: 2F
1-1: Called Strike
1-2: Foul Ball, location: 2F
1-2: Strikes out looking
Batting: RHB Hani Azwan 0-0: Ball
1-0: Ball
2-0: Ball
3-0: Called Strike
3-1: Fly out, F9 (Flyball, 9S, EV 72.5 MPH)
Batting: LHB Sergio Cruz 0-0: Ball
1-0: Called Strike
1-1: Ball
2-1: Foul Ball, location: 2F
2-2: SINGLE (Line Drive, 4D, EV 102.5 MPH)
Batting: LHB Andrés Rodríguez 0-0: Called Strike
0-1: Foul Ball, location: 2F
0-2: Ground out U3 (Groundball, 3, EV 101.2 MPH)
Top of the 5th over - 0 runs, 1 hit, 0 errors, 1 left on base; Calgary 2 - Scranton 2
BOTTOM OF THE 5TH
Scranton Supernovas batting - Pitching for Calgary Lynx : LHP Ángel Flores
Batting: LHB Xuan-ling Liao 0-0: Ball
1-0: Foul Ball, location: 2F
1-1: Foul Ball, location: 2F
1-2: SINGLE (Line Drive, 56D, EV 103.1 MPH)
Batting: RHB Mike Pate 0-0: Sac Bunt to 23 - play at first, batter safe!
Xuan-ling Liao to second
Batting: RHB Juan Tellado 0-0: Sac Bunt to 13S - play at first, batter OUT! 1-3
Xuan-ling Liao to third
Mike Pate to second
Batting: RHB John Willoughby 0-0: SINGLE (Groundball, 56D, EV 100.0 MPH) - runner OUT being hit by batted ball. (infield hit)
Batting: LHB Toyokazu Oshima 0-0: Ball
1-0: Called Strike
1-1: Swinging Strike
1-2: Ball
2-2: Strikes out swinging
Bottom of the 5th over - 0 runs, 3 hits, 0 errors, 2 left on base; Calgary 2 - Scranton 2
TOP OF THE 6TH
Calgary Lynx batting - Pitching for Scranton Supernovas : RHP Felipe Arreola
Batting: SHB Luis Luquín 0-0: Ball
1-0: Ball
2-0: Ground out 4-3 (Groundball, 4, EV 91.2 MPH)
Batting: LHB Gustavo Cortéz 0-0: Ball
1-0: Called Strike
1-1: Ground out 3-1 (Groundball, 34, EV 88.8 MPH)
Batting: RHB Raúl Maradona 0-0: Ball
1-0: Swinging Strike
1-1: Foul Ball, location: 2F
1-2: Ball
2-2: Ball
3-2: Foul Ball, location: 2F
3-2: Strikes out looking
Top of the 6th over - 0 runs, 0 hits, 0 errors, 0 left on base; Calgary 2 - Scranton 2
BOTTOM OF THE 6TH
Scranton Supernovas batting - Pitching for Calgary Lynx : LHP Ángel Flores
Pitching: LHP Quan Shiu
Batting: LHB Chase Popoff 0-0: Ball
1-0: Called Strike
1-1: Ball
2-1: Ball
3-1: Base on Balls
Batting: LHB Scotty Mitchell 0-0: Called Strike
0-1: Ball
1-1: Foul Ball, location: 2F
1-2: Ball
2-2: Ball
3-2: SINGLE (Groundball, 6D, EV 98.1 MPH)
Chase Popoff to second
Batting: RHB Dam Son 0-0: Ball
1-0: Ball
2-0: Ball
3-0: Base on Balls
Chase Popoff to third
Scotty Mitchell to second
Batting: RHB Jeff Quesenberry 0-0: Swinging Strike
0-1: Ball
1-1: Called Strike
1-2: Fly out, F4 (Popup, 3F, EV 57.5 MPH)
Batting: LHB Xuan-ling Liao 0-0: Called Strike
0-1: SINGLE (Groundball, 5, EV 85.0 MPH) (infield hit)
Chase Popoff scores
Scotty Mitchell to third
Dam Son to second
Pitching: RHP Greg Fontenot
Batting: RHB Mike Pate 0-0: Grounds into fielders choice 5-2 (Groundball, 56, EV 83.8 MPH)
Dam Son to third
Xuan-ling Liao to second
Batting: RHB Juan Tellado 0-0: Ball
1-0: Fly out, F8 (Flyball, 8RM, EV 91.9 MPH)
Bottom of the 6th over - 1 run, 2 hits, 0 errors, 3 left on base; Calgary 2 - Scranton 3
TOP OF THE 7TH
Calgary Lynx batting - Pitching for Scranton Supernovas : RHP Felipe Arreola
Batting: RHB Isagani Gorre 0-0: Foul Ball, location: 2F
0-1: Swinging Strike
0-2: Ball
1-2: Foul Ball, location: 2F
1-2: Ball
2-2: Foul Ball, location: 2F
2-2: Foul Ball, location: 2F
2-2: Foul Ball, location: 2F
2-2: Strikes out swinging
Pitching: RHP Kent Phillips
Batting: LHB José Valéncia 0-0: Ball
1-0: SINGLE (Groundball, 3S, EV 70.6 MPH) (infield hit)
Batting: LHB Derek Corbin 0-0: Ball
1-0: Swinging Strike
1-1: Ball
2-1: Ball
3-1: Swinging Strike
3-2: Foul Ball, location: 2F
3-2: SINGLE (Groundball, 34S, EV 55.0 MPH) (infield hit)
José Valéncia to second
Batting: RHB Hani Azwan 0-0: Called Strike
0-1: Ball
1-1: Ball
2-1: Foul Ball, location: 2F
2-2: SINGLE (Flyball, 78S, EV 90.6 MPH)
José Valéncia to third
Derek Corbin to second
Runner from 3rd tries for Home, SAFE, no throw by LF
Batting: LHB Sergio Cruz 0-0: Ball
1-0: Foul Ball, location: 2F
1-1: Ball
2-1: Called Strike
2-2: Foul Ball, location: 2F
2-2: Grounds into double play, 4-6-3 (Groundball, 4, EV 90.6 MPH)
Top of the 7th over - 1 run, 3 hits, 0 errors, 1 left on base; Calgary 3 - Scranton 3
BOTTOM OF THE 7TH
Scranton Supernovas batting - Pitching for Calgary Lynx : RHP Greg Fontenot
Batting: RHB John Willoughby 0-0: Ground out 5-3 (Groundball, 56, EV 80.0 MPH)
Batting: LHB Toyokazu Oshima 0-0: Ball
1-0: SOLO HOME RUN (Flyball, 7D, EV 91.9 MPH), Distance : 394 ft
Batting: LHB Chase Popoff 0-0: Called Strike
0-1: Ball
1-1: Ball
2-1: Foul Ball, location: 2F
2-2: Hit by Pitch
Batting: LHB Scotty Mitchell 0-0: Called Strike
0-1: Ball
1-1: Ball
2-1: Fly out, F8 (Line Drive, 8LM, EV 103.1 MPH)
Batting: RHB Dam Son 0-0: Ball
1-0: Called Strike
1-1: Fielders Choice at 2nd, 6-4 (Groundball, 6, EV 100.0 MPH)
Bottom of the 7th over - 1 run, 1 hit, 0 errors, 1 left on base; Calgary 3 - Scranton 4
TOP OF THE 8TH
Calgary Lynx batting - Pitching for Scranton Supernovas : RHP Kent Phillips
Batting: LHB Andrés Rodríguez 0-0: Ground out 1-3 (Groundball, 13, EV 74.4 MPH)
Batting: SHB Luis Luquín 0-0: Ball
1-0: Ball
2-0: Fly out, F8 (Line Drive, 8RD, EV 86.2 MPH)
Batting: LHB Gustavo Cortéz 0-0: Called Strike
0-1: Fly out, F8 (Flyball, 8LM, EV 85.0 MPH)
Top of the 8th over - 0 runs, 0 hits, 0 errors, 0 left on base; Calgary 3 - Scranton 4
BOTTOM OF THE 8TH
Scranton Supernovas batting - Pitching for Calgary Lynx : RHP Greg Fontenot
Batting: RHB Jeff Quesenberry 0-0: Ball
1-0: Swinging Strike
1-1: Swinging Strike
1-2: Strikes out swinging
Batting: LHB Xuan-ling Liao 0-0: Foul Ball, location: 2F
0-1: Ball
1-1: Ball
2-1: Swinging Strike
2-2: Foul Ball, location: 2F
2-2: Strikes out swinging
Batting: RHB Mike Pate 0-0: Ball
1-0: Ball
2-0: Reached on error, E9 (Flyball, 9S, EV 95.0 MPH)
Batting: RHB Juan Tellado 0-0: Foul Ball, location: 2F
0-1: SINGLE (Groundball, 4MD, EV 97.5 MPH)
Mike Pate to third
Runner from 3rd tries for Home, SAFE, no throw by CF
Batting: RHB John Willoughby 0-0: Ball
1-0: Ball
2-0: Ball
3-0: Called Strike
3-1: Base on Balls
Juan Tellado to second
Batting: LHB Toyokazu Oshima 0-0: Called Strike
0-1: Swinging Strike
0-2: Fly out, F8 (Flyball, 8LS, EV 93.8 MPH)
Bottom of the 8th over - 1 run, 1 hit, 1 error, 2 left on base; Calgary 3 - Scranton 5
TOP OF THE 9TH
Calgary Lynx batting - Pitching for Scranton Supernovas : RHP Kent Phillips
Pitching: RHP Butch Cummings
Batting: RHB Raúl Maradona 0-0: Ball
1-0: Ball
2-0: Fly out, F8 (Flyball, 8RM, EV 77.5 MPH)
Batting: RHB Isagani Gorre 0-0: SINGLE (Groundball, 4MD, EV 96.2 MPH)
Batting: LHB José Valéncia 0-0: Foul Ball, location: 2F
0-1: Called Strike
0-2: Ball
1-2: Ball
2-2: Ball
3-2: Strikes out swinging
Batting: LHB Derek Corbin 0-0: Called Strike
0-1: Foul Ball, location: 2F
0-2: Ball
1-2: Strikes out swinging
Top of the 9th over - 0 runs, 1 hit, 0 errors, 1 left on base; Calgary 3 - Scranton 5
Thursday, January 23rd, 2020 - OOTP Baseball 20.8 Build 74